 Dungeon Crawl Stone Soup version 0.27.1 (webtiles) character file.

Game seed: 13192181928577182561

2773 speeev33 the Cleaver (level 9, 0/84 HPs)
             Began as a Hill Orc Fighter on Aug 28, 2021.
             Was a Believer of Trog.
             Killed from afar by a steam dragon (6 damage)
             ... with a ball of steam
             ... on level 7 of the Dungeon on Aug 29, 2021.
             The game lasted 00:15:28 (6015 turns).

speeev33 the Cleaver (Hill Orc Fighter)             Turns: 6015, Time: 00:15:29

Health: 0/84       AC: 11    Str: 22    XL:     9   Next: 70%
Magic:  9/9        EV:  8    Int:  8    God:    Trog [**....]
Gold:   245        SH: 11    Dex: 10    Spells: 8/8 levels left

rFire    . . .     SeeInvis .   a - +1 war axe
rCold    . . .     Faith    .   c - +0 kite shield
rNeg     . . .     Spirit   .   d - +2 scale mail {rPois}
rPois    +         Reflect  .   g - +0 helmet
rElec    .         Harm     .   s - +0 cloak
rCorr    .         Rampage  .   (no gloves)
Will     .....                  (no boots)
Stlth    ..........             e - amulet of regeneration
HPRegen  1.24/turn              (no ring)
MPRegen  0.11/turn              (no ring)

@: brilliant
A: no striking features
a: Renounce Religion, Berserk, Trog's Hand


You were on level 7 of the Dungeon.
You worshipped Trog.
Trog was pleased with you.
You visited 2 branches of the dungeon, and saw 9 of its levels.

You collected 245 gold pieces.

Inventory:

Hand Weapons
 a - a +1 war axe (weapon)
 r - a +0 flail
Armour
 c - a +0 kite shield (worn)
 d - a +2 scale mail of poison resistance (worn)
 g - a +0 helmet (worn)
 i - a +0 plate armour
 s - a +0 cloak (worn)
Jewellery
 e - an amulet of regeneration (around neck)
Wands
 b - a wand of digging (13)
 m - a wand of iceblast (5)
 n - a wand of acid (12)
 q - a wand of flame (12)
Scrolls
 f - 5 scrolls of identify
 j - 2 scrolls of teleportation
 k - 2 scrolls of vulnerability
 l - a scroll of enchant weapon
 o - a scroll of enchant armour {unknown}
 p - a scroll of summoning
Potions
 h - a potion of resistance
 t - a potion of brilliance


   Skills:
 + Level 9.5 Fighting
 + Level 9.9 Axes
 - Level 3.2 Armour
 + Level 8.7 Shields
 + Level 2.5 Evocations


You had 8 spell levels left.
You didn't know any spells.
Your spell library contained the following spells:

 Spells                   Type           Power      Damage    Failure   Level
 Stone Arrow              Conj/Erth      0%         3d7       100%        3
 Animate Armour           Summ/Erth      0%         N/A       100%        4
 Petrify                  Tmut/Erth      0%         N/A       100%        4
 Metabolic Englaciation   Hex/Ice        0%         N/A       100%        5
 Statue Form              Tmut/Erth      0%         N/A       100%        6
 Lehudib's Crystal Spear  Conj/Erth      0%         10d2      100%        8


Dungeon Overview and Level Annotations

Branches:
Dungeon (8/15)             Temple (1/1) D:4
   Lair: D:8-11

Altars:
Ashenzari
Dithmenos
Elyvilon
Gozag
Hepliaklqana
Kikubaaqudgha
Makhleb
Qazlal
Ru
Sif Muna
Trog
Uskayaw
Vehumet
Wu Jian
Xom
The Shining One


Message History

The steam dragon is moderately wounded.
You hit the yak. The steam dragon bites you!
The steam dragon claws you but does no damage.
The yak gores you.
You slash the steam dragon!
The steam dragon is severely wounded.
You hit the yak but do no damage. You block the steam dragon's attack.
The steam dragon claws you but does no damage.
The yak gores you!
* * * LOW HITPOINT WARNING * * *
The steam dragon breathes steam at you. The ball of steam misses you.
The yak gores you.
* * * LOW HITPOINT WARNING * * *
You hit the steam dragon but do no damage.
The steam dragon is severely wounded.
You hit the yak.
You are engulfed in a cloud of scalding steam.
* * * LOW HITPOINT WARNING * * *
You block the steam dragon's attack.
The steam dragon claws you but does no damage.
The yak closely misses you. You block the steam dragon's attack.
The steam dragon barely misses you. The yak barely misses you.
It was a potion of brilliance.
You feel clever all of a sudden.
You are engulfed in a cloud of scalding steam.
You block the steam dragon's attack. x2; You block the yak's attack.
The yak gores you but does no damage.
You hit the yak but do no damage.
The yak is almost dead.
You closely miss the steam dragon. The steam dragon bites you.
* * * LOW HITPOINT WARNING * * *
The steam dragon claws you.
* * * LOW HITPOINT WARNING * * *
The yak gores you!
* * * LOW HITPOINT WARNING * * *
The steam dragon breathes steam at you. The ball of steam misses you.
You block the yak's attack. The steam dragon breathes steam at you.
The ball of steam hits you.
You die...

#.### #.....<.. ####.#
#..###### #####..<.#
########### #....#
......#### #.........#
#..### .######
###.......).# ##..# ##
##..........>###...#
#..#....[.D..#..:###
##.##.....ยงยง....#.#
########..######@##...##.#
.........## #....###..#
######.### ##..###...## #
#.## ####...##..###
######..# #.........##
##......#######..#####
##.####.....# #.## ...#
#.###.# #.# #..#
##.###.###.#


You could see a steam dragon (catching breath).

Vanquished Creatures
  Pikel (D:7)
  Prince Ribbit (D:5)
  A wyvern (D:5)
  Duvessa (D:5)
  An ogre (D:4)
  An orc warrior (D:7)
  An ice beast (D:6)
  2 centaurs
  A phantom (D:4)
  2 kobold brigands
  A bullfrog (D:7)
  Dowan (D:5)
  4 scorpions
  A water moccasin zombie (D:5)
  A water moccasin skeleton (D:6)
  A gnoll shaman (D:5)
  2 hounds
  6 orc priests
  A jelly (D:4)
  5 orc wizards
  2 iguanas
  Terence (D:2)
  A howler monkey zombie (D:7)
  Robin (D:4)
  5 gnolls
  8 adders
  A shadow imp (D:6)
  An adder skeleton (D:4)
  An adder zombie (D:5)
  3 worms
  23 orcs
  2 ball pythons
  6 endoplasms
  A giant cockroach (D:1)
  16 goblins
  10 hobgoblins
  3 jackals (D:1)
  9 kobolds
  4 quokkas
  2 bats
  4 frilled lizards
  8 rats
147 creatures vanquished.

Vanquished Creatures (collateral kills)
  A centaur zombie (D:5)
1 creature vanquished.

Grand Total: 148 creatures vanquished

Notes
Turn   | Place    | Note
-------+----------+-------------------------------------------
     0 | D:1      | speeev33 the Hill Orc Fighter began the quest for the Orb.
     0 | D:1      | Reached XP level 1. HP: 19/19 MP: 1/1
   238 | D:1      | Reached XP level 2. HP: 23/27 MP: 2/2
   548 | D:1      | Found a faded altar of an unknown god.
   707 | D:1      | Reached XP level 3. HP: 33/33 MP: 3/3
   847 | D:2      | Noticed Terence
   852 | D:2      | Killed Terence
   890 | D:2      | Reached XP level 4. HP: 41/41 MP: 4/4
  1566 | D:3      | Reached XP level 5. HP: 47/47 MP: 5/5
  2103 | D:4      | Found a staircase to the Ecumenical Temple.
  2111 | Temple   | Entered the Ecumenical Temple
  2325 | Temple   | Became a worshipper of Trog the Wrathful
  2349 | D:4      | Reached skill level 5 in Fighting
  2403 | D:4      | Noticed an ogre
  2463 | D:4      | Killed an ogre
  2464 | D:4      | Reached skill level 5 in Axes
  2464 | D:4      | Reached skill level 5 in Shields
  2464 | D:4      | Reached XP level 6. HP: 32/56 MP: 6/6
  2682 | D:4      | Noticed Robin
  2747 | D:4      | Killed Robin
  3009 | D:4      | Reached XP level 7. HP: 60/63 MP: 7/7
  3394 | D:5      | Entered Level 5 of the Dungeon
  3536 | D:5      | Noticed Duvessa
  3536 | D:5      | Noticed Dowan
  3551 | D:5      | Killed Duvessa
  3598 | D:5      | Killed Dowan
  3728 | D:5      | Reached XP level 8. HP: 69/73 MP: 8/8
  3750 | D:5      | Noticed Prince Ribbit
  3954 | D:5      | Found a hazy altar of Hepliaklqana.
  3970 | D:5      | Reached * piety under Trog
  3972 | D:5      | Noticed a wyvern
  3990 | D:5      | Killed a wyvern
  4087 | D:5      | Killed Prince Ribbit
  4549 | D:6      | Reached XP level 9. HP: 82/82 MP: 9/9
  4650 | D:6      | Reached ** piety under Trog
  5273 | D:6      | Identified the +10 shortbow "Dedit" {freeze, rF++ Will+
                  | Int+2}
  5439 | D:7      | Noticed Pikel
  5445 | D:7      | Killed Pikel
  5599 | D:7      | Found an ornate altar of the Wu Jian Council.
  5880 | D:7      | Found a hide-covered altar of Uskayaw.
  6012 | D:7      | HP: 3/84 [yak (9)]
  6015 | D:7      | Killed from afar by a steam dragon

Illustrated notes

Levels and vault maps discovered:
D:1:      elethiomel_arrival_quiet, layout_loops_ring, basic_ecumenical_altar,
          minivault_11
D:2:      layout_basic, uniq_terence
D:3:      layout_loops_cross, kennysheep_generic_room_10
D:4:      layout_loops_corners, minmay_temple_entry_waves, uniq_robin
D:5:      layout_loops_ring, mainiacjoe_overflow_brackets, serial_rivers,
          chequers_serial_rivers_small_a, chequers_serial_rivers_large_b,
          chequers_serial_rivers_micro_d, chequers_serial_rivers_micro_b,
          uniq_prince_ribbit1, uniq_duvessa
D:6:      layout_cave_pods
D:7:      layout_rooms, lemuel_doored_altar, nicolae_overflow_crystal_walls,
          uniq_pikel
D:8:      nzn_winding_woodlands_small [nzn_winding_woodlands_5x15_garden,
          nzn_winding_woodlands_center_pierced_h,
          nzn_winding_woodlands_5x15_default], layout_gridville,
          nicolae_yredelemnul_ghost_church, minitemple, david_lair_shrubbed,
          uniq_grum
Temple:   nicolae_temple_figure_eight

Skill      XL: |  1  2  3  4  5  6  7  8  9 |
---------------+----------------------------+-----
Axes           | 3 4 5 6 7 8 9 |  9.9
Fighting       | 4 5 6 7 8 9 |  9.5
Shields        | 4 5 6 7 8 |  8.7
Evocations     | 2 |  2.5
Armour         | |  3.2

Action                   |  1- 3 |  4- 6 |  7- 9 || total
-------------------------+-------+-------+-------++-------
Melee: War axe           |    68 |   193 |   287 ||   548
Invok: Berserk           |       |       |     1 ||     1
Evoke: Wand              |       |       |     1 ||     1
  Use: Potion            |     1 |       |     1 ||     2
       Scroll            |       |     5 |     5 ||    10
Armor: Scale mail        |    18 |    86 |   123 ||   227
Dodge: Dodged            |    21 |    47 |   101 ||   169
Block: Kite shield       |    27 |   105 |   171 ||   303
